 Dungeon Sprint DCSS version 0.26-a0-663-g36e8fdb655 (webtiles) character file.

Game seed: 8208016583434398454

33 sahdkjhfkaj the Ruffian (level 3, -2/38 (39) HPs)
             Began as a Troll Monk on Oct 11, 2020.
             Was a Believer of Makhleb.
             Slain by a water elemental (12 damage)
             ... in the Dungeon (Sprint V: "Ziggurat Sprint").
             The game lasted 00:02:01 (107 turns).

sahdkjhfkaj the Ruffian (Troll Monk)                 Turns: 107, Time: 00:02:01

HP:   -2/38 (39)    AC: 11    Str: 20    XL:     3   Next: 12%
MP:   2/2           EV: 11    Int:  6    God:    Makhleb [**....]
Gold: 0             SH:  0    Dex: 12    Spells: 2/2 levels left

rFire    + + .     SeeInvis .   E - +3 Elemental Staff {rElec rF++ rC++ MR++ AC+5}
rCold    + + .     Faith    .   (no shield)
rNeg     . . .     Spirit   .   a - +0 robe
rPois    .         Reflect  .   (helmet restricted)
rElec    +         Harm     .   (no cloak)
rCorr    .         Rampage  .   (gloves unavailable)
MR       ++...     NoTele   +   (boots unavailable)
Stlth    ++........             (no amulet)
HPRegen  0.52/turn              (no ring)
MPRegen  0.08/turn              (no ring)

@: no status effects
A: large, unfitting armour, claws 3, regeneration 1, shaggy fur 1, tough skin 3
a: Minor Destruction, Renounce Religion


You were in the Dungeon.
You worshipped Makhleb.
Makhleb was pleased with you.
You visited 1 branch

Inventory:

Hand Weapons
 E - the +3 Elemental Staff (weapon) {rElec rF++ rC++ MR++ AC+5}
   (You found it in the Dungeon)

   It affects your AC (+5).
   It greatly protects you from fire.
   It greatly protects you from cold.
   It insulates you from electricity.
   It affects your resistance to hostile enchantments.
Armour
 a - a +0 robe (worn)
Jewellery
 t - an uncursed ring of flight
 u - a +6 ring of dexterity
 v - a +6 ring of dexterity
 w - a +6 ring of intelligence
 x - a +6 ring of intelligence
 y - a +6 ring of strength
 z - a +6 ring of strength
Wands
 A - a wand of disintegration (7)
 B - a wand of iceblast (7)
 C - a wand of acid (7)
Scrolls
 g - 4 scrolls of blinking
 n - 4 scrolls of amnesia
 o - 7 scrolls of fog
 p - a scroll of holy word
 q - 5 scrolls of identify
 r - 5 scrolls of remove curse
 s - 2 scrolls of fear
Potions
 b - 10 potions of curing
 c - 10 potions of heal wounds
 d - 6 potions of haste
 e - 7 potions of magic
 f - 3 potions of berserk rage
 h - 2 potions of brilliance
 i - 2 potions of invisibility
 j - 4 potions of resistance
 k - a potion of experience
 l - 5 potions of stabbing
 m - 5 potions of might
Miscellaneous
 D - a lightning rod (4/4)


   Skills:
 + Level 3.7 Fighting
 + Level 3.6 Dodging
 + Level 1.2 Stealth
 + Level 4.5 Unarmed Combat
 + Level 1.1 Invocations


You had 2 spell levels left.
You didn't know any spells.
Your spell library was empty.

Dungeon Overview and Level Annotations

Branches:
Dungeon (1/1)

Altars:
Ashenzari
Cheibriados
Dithmenos
Elyvilon
Fedhas
Gozag
Hepliaklqana
Kikubaaqudgha
Makhleb
Nemelex Xobeh
Okawaru
Qazlal
Ru
Sif Muna
Trog
Uskayaw
Vehumet
Wu Jian
Xom
Yredelemnul
Zin
The Shining One
Beogh
Jiyva
Lugonu

Annotations:
D 1 transporter


Innate Abilities, Weirdness & Mutations

You are too large for most types of armour.
You have claws for hands.
Your natural rate of healing is unusually fast.
You are covered in fur. (AC +1)
You have extremely tough skin. (AC +3)


Message History

The deep elf archer wields a +3 whip of flaming.
It bursts into flame!
The phantom hits you but does no damage.
Found four items.
Found a transporter.
Unknown command.
Unknown command.
Unknown command.
Unknown command.
Unknown command.
The necrophage barely misses you. The phantom hits you.
* * * LOW HITPOINT WARNING * * *
You barely miss the deep elf mage. The necrophage barely misses you.
The deep elf mage points at you and mumbles some strange words.
The bolt of cold hits you. You resist.
* * * LOW HITPOINT WARNING * * *
The phantom hits you but does no damage.
You closely miss the deep elf mage. The necrophage hits you.
* * * LOW HITPOINT WARNING * * *
You feel your flesh rotting away! The water elemental hits you!
You die...

▓▓▓▓▓▓▓▓▓▓▓▓▓▓▓▓▓▓▓
▓.8©8.▓.8©8.▓.8©8.▓
▓.))).▓.:||.▓.....▓
▓..:..▓.....▓.=...▓
▓...e.▓.....▓.....▓
▓.YeE.▓.....▓.....▓
▓..@n.▓.....▓..©..▓
▓.W©..▓..©..▓▓▓▓▓▓▓
▓▓▓▓▓▓▓▓▓▓▓▓▓


You could see a deep elf archer (repels missiles), a water elemental, a deep elf
mage, a yak, a phantom and a necrophage.

Vanquished Creatures
  An iron imp (D)
  An ufetubus (D)
  A giant cockroach zombie (D)
3 creatures vanquished.

Notes
Turn   | Place    | Note
-------+----------+-------------------------------------------
     0 | D        | sahdkjhfkaj the Troll Monk began the quest for the Orb.
     0 | D        | Reached XP level 1. HP: 22/22 MP: 0/0
     0 | D        | Found a shimmering blue altar of Sif Muna.
     0 | D        | Found a sacrificial altar of Ru.
     0 | D        | Found a bloodstained altar of Trog.
     0 | D        | Found a stormy altar of Qazlal.
     0 | D        | Found an iron altar of Okawaru.
     0 | D        | Found a sparkling altar of Nemelex Xobeh.
     0 | D        | Found a blossoming altar of Fedhas.
     1 | D        | Found the +6 Majin-Bo {vamp, MP+6 Int+6}
     1 | D        | Found the +9 heavy crossbow "Sniper" {vorpal, Acc+∞ SInv}
     1 | D        | Found the +10 dark maul {vorpal}
     1 | D        | Found the +15 Maxwell's patent armour {-Cast -Tele rElec
                  | MR+ rCorr}
     1 | D        | Found the +18 shield of the Gong {rElec rN+ MR+ EV-5}
     1 | D        | Found the cursed +14 obsidian axe {vorpal, +Fly SInv
                  | *Curse}
     1 | D        | Found the +7 great mace "Firestarter" {inner flame, rF++}
     1 | D        | Found the +6 shillelagh "Devastator" {shatter}
     1 | D        | Found the +11 plutonium sword {*Contam Stlth-}
     1 | D        | Found the +8 lance "Wyrmbane" {slay drac, rPois rF+ rC+
                  | AC+3}
     1 | D        | Found the +9 sword of Zonguldrok {reap}
     1 | D        | Found the cursed +13 scythe of Curses {drain, *Curse}
     1 | D        | Found the +0 sword of Power
     1 | D        | Found the +7 mace of Variability {chain chaos}
     1 | D        | Found the +7 Singing Sword {vorpal, sonic wave}
     1 | D        | Found the +8 storm bow {elec, penet}
     2 | D        | Found a transporter.
     2 | D        | Found an ancient bone altar of Kikubaaqudgha.
     2 | D        | Found a viscous altar of Jiyva.
     2 | D        | Found a corrupted altar of Lugonu.
     2 | D        | Found a hazy altar of Hepliaklqana.
     2 | D        | Found a burning altar of Makhleb.
     2 | D        | Found an opulent altar of Gozag.
    45 | D        | Became a worshipper of Makhleb the Destroyer
    45 | D        | Reached * piety under Makhleb
    45 | D        | Reached ** piety under Makhleb
    76 | D        | Entered arena 2.
    76 | D        | Noticed an iron imp
    76 | D        | Found a transporter.
    77 | D        | Found the +3 Elemental Staff {rElec rF++ rC++ MR++ AC+5}
    83 | D        | Killed an iron imp
    83 | D        | Reached skill level 4 in Unarmed Combat
    83 | D        | Reached skill level 1 in Invocations
    83 | D        | Reached XP level 2. HP: 16/31 MP: 1/1
    86 | D        | Reached XP level 3. HP: 19/39 MP: 2/2
    94 | D        | Entered arena 3.
    94 | D        | Noticed a phantom
    94 | D        | Noticed a necrophage
    94 | D        | Found a transporter.
   104 | D        | Entered arena 4.
   104 | D        | Noticed a yak
   104 | D        | Noticed a deep elf archer
   104 | D        | Noticed a water elemental
   104 | D        | Noticed a deep elf mage
   104 | D        | Found a transporter.
   107 | D        | Slain by a water elemental

Illustrated notes

Levels and vault maps discovered:
D:        sprint_v [room_start, room_1, room_2, room_3, room_4, room_5, room_6,
          room_7, room_8, room_9, room_10, room_11, room_12, room_13, room_14,
          room_15, room_16, room_17, room_18, room_19, room_20, room_21,
          room_22, room_23, room_24, room_25, room_26, room_27]

Skill      XL: |  1 |
---------------+----+-----
Fighting       | 3 |  3.7
Dodging        | 3 |  3.6
Unarmed Combat | 4 |  4.5
Invocations    | 1 |  1.1
Stealth        | |  1.2

Action                   || total
-------------------------++-------
Melee: Unarmed           ||     9
       Staff             ||     5
Invok: Minor Destruction ||     4
Armor: Robe              ||    13
Dodge: Dodged            ||    21

Table legend: (Time is in decaauts)
 A = Elapsed time spent in this place.
 B = Non-inter-level travel time spent in this place.
 C = Inter-level travel time spent in this place.
 D = Time resting spent in this place.
 E = Time spent auto-exploring this place.
 F = Levels seen in this place.
 G = Mean time per level.
                   A        B        C        D        E       F      G
               +--------+--------+--------+--------+--------+-----+--------+
         Total |    106 |    106 |      0 |      3 |     21 |   1 |  106.0 |
       Dungeon |    106 |    106 |      0 |      3 |     21 |   1 |  106.0 |
               +--------+--------+--------+--------+--------+-----+--------+

Top non-repeatable levels by time:
       D: 106 daAuts
